 Dungeon Crawl Stone Soup version 0.30-a0-782-ge64f9170bb (webtiles) character file.

Game seed: 16947575296613099533

21 theswoord the Twirler (level 2, -23/22 HPs)
             Began as a Demonspawn Gladiator on Feb 19, 2023.
             Killed by an exploding goblin (40 damage)
             ... ignited by their inner flame
             ... on level 1 of the Dungeon.
             The game lasted 00:00:34 (263 turns).

theswoord the Twirler (Demonspawn Gladiator)         Turns: 263, Time: 00:00:34

Health: -23/22     AC:  4    Str: 14    XL:     2   Next: 65%
Magic:  2/2        EV: 12    Int:  9    God:
Gold:   39         SH:  0    Dex: 14    Spells: 1/1 levels left

rFire   . . .      SeeInvis .    a - +0 quarterstaff
rCold   . . .      Faith    .    (shield currently unavailable)
rNeg    . . .      Spirit   .    b - +0 leather armour
rPois   .          Reflect  .    c - +0 helmet
rElec   .          Harm     .    (no cloak)
rCorr   .          Rampage  .    (no gloves)
Will    .....                    (no boots)
Stlth   +                        (no amulet)
HPRegen 0.23/turn                (no ring)
MPRegen 0.08/turn                (no ring)

@: no status effects
A: condensation shield
a: no special abilities


You were on level 1 of the Dungeon.
You visited 1 branch of the dungeon, and saw 1 of its levels.

You collected 39 gold pieces.

Inventory:

Hand Weapons
 a - a +0 quarterstaff (weapon)
Missiles
 d - 3 throwing nets (quivered)
 e - a javelin
Armour
 b - a +0 leather armour (worn)
 c - a +0 helmet (worn)
Potions
 f - a potion of magic {unknown}
 g - 2 potions of mutation
 j - a potion of brilliance {unknown}


   Skills:
 - Level 2.0 Fighting
 + Level 3.6 Staves
 - Level 1.7 Throwing
 - Level 2.6 Dodging


You had one spell level left.
You didn't know any spells.
Your spell library was empty.

Dungeon Overview and Level Annotations

Branches:
Dungeon (1/15)

Altars:


Innate Abilities, Weirdness & Mutations

A meltable shield of frost defends you. (SH +0)


Message History

A rat comes into view.
You hit the hobgoblin. The hobgoblin barely misses you.
You closely miss the hobgoblin. The hobgoblin barely misses you.
You hit the hobgoblin.
You kill the hobgoblin!
The rat bites you but does no damage.
You hit the rat.
You kill the rat!
No target in view!
No target in view!
No target in view!
No target in view!
No target in view!
No target in view!
You now have 39 gold pieces (gained 12).
You open the door. You open the door.
There is an open door here.
A goblin comes into view. It is wielding a +0 dagger.
A goblin is nearby!
A goblin is nearby!
As you read the scroll labelled OVIKKU YCEL, it crumbles to dust.
The creatures around you are filled with an inner flame!
It was a scroll of immolation.
As you read the scroll labelled ATUZISK IVAHOWEMM, it crumbles to dust.
It is a scroll of identify.
g - 2 potions of mutation The goblin shouts!
There is an open door here.
The goblin barely misses you.
You closely miss the goblin. The goblin hits you with a +0 dagger.
You hit the goblin but do no damage. The goblin hits you with a +0 dagger.
The goblin misses you.
You closely miss the goblin. You block the goblin's attack.
You hit the goblin.
The goblin explodes!
The fiery explosion engulfs you!!!
Your condensation shield dissipates!
Ouch! That really hurt!
You die...

#>........)..# #
###...........#
#.......#........
#.......#.###....
#..)..^.#+#####...
#####......# ...
#.†....# ####
#......# #§@§...#
####§§§...#
#...§§....#
#.........#
#.........#
#......#+##
#......#.#
#..†...#.#
#......#.#


There were no monsters in sight!

Vanquished Creatures
  A gnoll (D:1)
  A bat (D:1)
  An endoplasm (D:1)
  2 goblins (D:1)
  2 hobgoblins (D:1)
  2 kobolds (D:1)
  A frilled lizard (D:1)
  2 rats (D:1)
12 creatures vanquished.

Notes
Turn   | Place    | Note
-------+----------+-------------------------------------------
     0 | D:1      | theswoord the Demonspawn Gladiator began the quest for the
                  | Orb.
     0 | D:1      | Reached XP level 1. HP: 16/16 MP: 1/1
    38 | D:1      | Reached skill level 3 in Staves
    38 | D:1      | Gained mutation: A meltable shield of frost defends you.
                  | (SH +0) [demonic ancestry]
    38 | D:1      | Reached XP level 2. HP: 13/22 MP: 2/2
   263 | D:1      | Killed by an exploding goblin... ignited by their inner
                  | flame

Skill      XL: |  1 |
---------------+----+-----
Staves         | 3 |  3.6
Fighting       | |  2.0
Throwing       | |  1.7
Dodging        | |  2.6

Action                     || total
---------------------------++-------
  Melee: Quarterstaff      ||    31
    Use: Scroll            ||     2
 Armour: Leather armour    ||    12
  Dodge: Dodged            ||    17
  Block: Other             ||     3

Levels and vault maps discovered:
D:1:      dpeg_arrival_simpleton_a, layout_basic, minmay_cut_off
